AoeStats
← DifferentPerson

Arabia

509457714Analyzed
1v1 RM · 4d ago on Sep 26, 2026· 44m 34s· 2 players
Game mode
Random Map
Map size
Tiny (2 player)
Population
200
Speed
Normal
Resources
Standard
Victory
Conquest
Starting age
Dark Age
Ending age
Imperial Age
RankedLock teamsTeams togetherTeam positionsShared explorationLock speedFull tech treeHidden civsTurbo modeCheats
Victory
Defeat
🇬🇧 Turks · United Kingdom
969
+17
🇨🇴 Varangians · Colombia
991
-17
DifferentPerson
7:15 Loom
10:42 Feudal Age
11:11 Double-Bit Axe
11:44 Horse Collar
17:19 Castle Age
20:08 Padded Archer Armor
22:31 Wheelbarrow
23:01 Leather Archer Armor
28:55 Gold Mining
31:02 Bloodlines
33:58 Scale Barding Armor
34:01 Husbandry
34:35 Sanctity
35:11 Chain Barding Armor
36:00 Forging
38:33 Hand Cart
38:23 Town Watch
38:50 Fletching
39:27 Bow Saw
39:14 Stone Mining
42:17 Imperial Age
41:07 Iron Casting
42:05 Bodkin Arrow
42:34 Ballistics
42:25 Masonry
42:12 Murder Holes
43:33 Conscription
42:56 Elite Janissary
Drukyul
4:46 Loom
11:03 Feudal Age
16:37 Castle Age
19:16 Horse Collar
23:41 Wheelbarrow
27:49 Elite Skirmisher
28:56 Padded Archer Armor
31:17 Fletching
32:26 Bodkin Arrow
32:48 Leather Archer Armor
33:12 Hand Cart
32:43 Town Watch
33:27 Forging
35:31 Double-Bit Axe
38:48 Bloodlines
38:39 Husbandry
40:07 Iron Casting
39:38 Scale Barding Armor
44:15 Imperial Age
Connection lost

Rejoining the realm…

Still unreachable

The connection could not be restored.

Session expired

The server has moved on; the page needs a fresh start.